 Dungeon Crawl Stone Soup version 0.32-a0-898-g7811c86cf0 (webtiles) character file.

Game seed: 18293090860020972467

256 GeoRichter the Slasher (level 5, -3/38 HPs)
             Began as a Demonspawn Warper on Apr 4, 2024.
             Slain by an ogre
             ... wielding a +0 giant club
              (23 damage)
             ... on level 4 of the Dungeon.
             The game lasted 00:04:20 (2466 turns).

GeoRichter the Slasher (Demonspawn Warper)          Turns: 2466, Time: 00:04:21

Health: -3/38      AC:  7    Str: 15    XL:     5   Next: 92%
Magic:  8/8        EV:  8    Int: 13    God:
Gold:   81         SH:  0    Dex: 15    Spells: 8/8 levels left

rFire   . . .        o - +0 long sword (holy)
rCold   + . .        (no shield)
rNeg    . . .        a - +0 scale mail
rPois   .            q - +0 helmet
rElec   .            (no cloak)
rCorr   .            (no gloves)
SInv    .            (no boots)
Will    .....        k - amulet of Noetowyr {+Blink rC+ Regen+ Str+4} Stlth
                     e - ring of wizardry
HPRegen 1.06/turn    (no ring)
MPRegen 0.11/turn

%: wizardry (x1)
@: no status effects
A: hooves 1, powered by death 2
a: Evoke Blink


You were on level 4 of the Dungeon.
You visited 1 branch of the dungeon, and saw 4 of its levels.

You collected 204 gold pieces.
You spent 123 gold pieces at shops.

Inventory:

Hand Weapons
 o - a +0 long sword of holy wrath (weapon)
   (You bought it in a shop on level 2 of the Dungeon)
Missiles
 d - 7 darts of dispersal {!f}
 f - 2 javelins (quivered)
Armour
 a - a +0 scale mail (worn)
   (You found it on level 3 of the Dungeon)
 q - a +0 helmet (worn)
   (You took it off Robin on level 3 of the Dungeon)
Jewellery
 e - a ring of wizardry (left hand)
   (You found it on level 1 of the Dungeon)
 k - the amulet of Noetowyr (around neck) {+Blink rC+ Regen+ Str+4}
   (You found it on level 2 of the Dungeon)

   [amulet of regeneration]

   Str+4:     It affects your strength (+4).
   rC+:       It protects you from cold.
   +Blink:    It lets you blink.
   Regen+:    It increases your rate of health regeneration.
Wands
 r - a wand of roots (12)
   (You took it off a goblin on level 3 of the Dungeon)
Scrolls
 c - a scroll of blinking
 g - a scroll of noise {unknown}
 l - 3 scrolls of identify {unknown}
 m - a scroll of teleportation {unknown}
 n - a scroll of poison {unknown}
 p - a scroll of enchant armour {unknown}
Potions
 b - a potion of attraction {unknown}
 h - 3 potions of brilliance {unknown}
 i - a potion of mutation {unknown}
 j - a potion of lignification {unknown}


   Skills:
 - Level 2.0 Fighting
 * Level 5.7 Long Blades
 - Level 0.8 Throwing
 - Level 0.8 Armour
 - Level 1.7 Dodging
 - Level 2.0 Spellcasting
 - Level 2.6 Translocations


You had 8 spell levels left.
You didn't know any spells.
Your spell library contained the following spells:

 Spells                   Type           Power      Damage    Failure   Level
 Apportation              Tloc           16%        N/A       14%         1
 Blink                    Tloc           16%        N/A       21%         2
 Lesser Beckoning         Tloc           16%        N/A       21%         2
 Necrotise                Necr           4%         1d4       38%         1
 Sting                    Conj/Alch      4%         1d3       38%         1
 Summon Small Mammal      Summ           4%         N/A       38%         1
 Maxwell's Portable Pile  Tloc           8%         2d(6-16)  38%         3
 Teleport Other           Tloc           8%         N/A       38%         3
 Ensorcelled Hibernation  Hex/Ice        2%         N/A       50%         2
 Passwall                 Erth           1%         N/A       73%         3
 Swiftness                Air            1%         N/A       73%         3
 Vhi's Electric Charge    Tloc/Air       8%         N/A       90%         4


Dungeon Overview and Level Annotations

Branches:
Dungeon (4/15) Zot: 21497
 Temple: D:4-7

Altars:

Shops:
D:2 *


Innate Abilities, Weirdness & Mutations

You have large cloven feet.
You regenerate health from kills.


Message History

An ogre is nearby!
An ogre is nearby!
An ogre is nearby!
Things that are here:
a +0 helmet; the +10 war axe of Vakhec {protect, rF+ Dex+4}
Aiming: Fastroot
Press: ? - help, Shift-Dir - straight line The roots erupt in riotous growth!
Roots grab the ogre.
The grasping roots constrict the ogre.
The ogre struggles to escape constriction.
Throw: 5 javelins
Press: ? - help, Q - select action, (/) - cycle Shift-Dir - straight line, f - ogre
Aim: an ogre, wielding a +0 giant club (lightly wounded, constricted by roots, 98% to hit)
You throw a javelin. The javelin pierces through the ogre.
The ogre is lightly wounded.
The grasping roots constrict the ogre!
The ogre struggles to escape constriction.
The ogre escapes!
Throw: 4 javelins
Press: ? - help, Q - select action, (/) - cycle Shift-Dir - straight line, f/p - ogre
Aim: an ogre, wielding a +0 giant club (heavily wounded, 72% to hit)
You throw a javelin. The javelin barely misses the ogre.
Throw: 3 javelins
Press: ? - help, Q - select action, (/) - cycle Shift-Dir - straight line, f/p - ogre
Aim: an ogre, wielding a +0 giant club (heavily wounded, 72% to hit)
You throw a javelin. The javelin barely misses the ogre.
Aiming: Fastroot
Press: ? - help, Shift-Dir - straight line, f/p - ogre
Aim: an ogre, wielding a +0 giant club (heavily wounded)
The roots erupt in riotous growth!
Roots grab the ogre.
The grasping roots constrict the ogre.
The ogre escapes!
You barely miss the ogre. You kick the ogre, but do no damage.
The ogre is severely wounded.
The ogre barely misses you.
You barely miss the ogre.
The ogre is severely wounded.
You hit the ogre.
The ogre is almost dead.
The ogre hits you with a +0 giant club!
You barely miss the ogre.
The ogre is almost dead.
The ogre hits you with a +0 giant club.
* * * LOW HITPOINT WARNING * * *
You hit the ogre but do no damage.
The ogre is almost dead.
The ogre hits you with a +0 giant club!!
Ouch! That really hurt!
You die...

....# ..( ####
#.#
....#####(###
#.........#
#####)........#
........[.....#
####..O......#
#.@.......#
#.........#
#<........#
#.........#
..#########
...# ....#
.....# #.....#


You could see an ogre.

Vanquished Creatures
  A scorpion (D:3)
  A hound (D:4)
  An orc priest (D:3)
  Jessica (D:3)
  Robin (D:3)
  4 adders
  A dart slug (D:1)
  2 ribbon worms
  3 orcs (D:3)
  5 endoplasms (D:1)
  13 goblins
  7 hobgoblins
  6 jackals
  3 ball pythons
  2 bats
  4 frilled lizards
  2 kobolds (D:2)
  3 rats
60 creatures vanquished.

Notes
Turn   | Place    | Note
-------+----------+-------------------------------------------
     0 | D:1      | GeoRichter the Demonspawn Warper began the quest for the
                  | Orb.
     0 | D:1      | Reached XP level 1. HP: 16/16 MP: 3/3
    68 | D:1      | Reached skill level 2 in Long Blades
   221 | D:1      | Gained mutation: You have large cloven feet. [demonic
                  | ancestry]
   221 | D:1      | Reached XP level 2. HP: 18/22 MP: 5/5
  1054 | D:2      | Found Lipiyxou's Assorted Antiques.
  1102 | D:2      | Identified the amulet of Noetowyr {+Blink rC+ Regen+ Str+4}
  1154 | D:2      | Reached skill level 3 in Long Blades
  1254 | D:2      | Gained mutation: You regenerate a little health from kills.
                  | [demonic ancestry]
  1254 | D:2      | Reached XP level 3. HP: 22/27 MP: 6/6
  1802 | D:3      | Noticed Jessica
  1813 | D:3      | Killed Jessica
  1814 | D:3      | Reached skill level 4 in Long Blades
  1814 | D:3      | Gained mutation: You regenerate health from kills. [demonic
                  | ancestry]
  1814 | D:3      | Reached XP level 4. HP: 31/33 MP: 7/7
  1929 | D:2      | Bought a glowing long sword for 123 gold pieces
  2059 | D:3      | Noticed a scorpion
  2072 | D:3      | Killed a scorpion
  2073 | D:3      | Reached skill level 5 in Long Blades
  2073 | D:3      | Reached XP level 5. HP: 27/38 MP: 8/8
  2134 | D:3      | Noticed Robin
  2156 | D:3      | Killed Robin
  2438 | D:4      | Identified the +10 war axe of Vakhec {protect, rF+ Dex+4}
  2451 | D:4      | Noticed an ogre
  2466 | D:4      | Slain by an ogre

Illustrated notes

Levels and vault maps discovered:
D:1:      minmay_arrival_split_and_join, layout_basic,
          chequers_serial_rivers_small_b
D:2:      layout_basic, serial_shops, nicolae_shop_peninsula
D:3:      layout_rooms, uniq_jessica, uniq_robin
D:4:      layout_basic, nicolae_uskayaw_en_pointe

Skill      XL: |  1  2  3  4 |
---------------+-------------+-----
Long Blades    | 2 3 4 5 |  5.7
Fighting       | |  2.0
Throwing       | |  0.8
Armour         | |  0.8
Dodging        | |  1.7
Spellcasting   | |  2.0
Translocations | |  2.6

Action                     |  1- 3 |  4- 6 || total
---------------------------+-------+-------++-------
  Melee: Falchion          |   113 |    15 ||   128
         Kick              |    19 |    25 ||    44
         Long sword        |       |    81 ||    81
  Throw: Javelin           |     4 |     4 ||     8
  Evoke: Wand              |       |     2 ||     2
 Armour: Leather armour    |    63 |    21 ||    84
         Scale mail        |       |    48 ||    48
  Dodge: Dodged            |    67 |    42 ||   109

Table legend: (Time is in decaauts)
 A = Elapsed time spent in this place.
 B = Non-inter-level travel time spent in this place.
 C = Inter-level travel time spent in this place.
 D = Time resting spent in this place.
 E = Time spent auto-exploring this place.
 F = Levels seen in this place.
 G = Mean time per level.
                   A        B        C        D        E       F      G
               +--------+--------+--------+--------+--------+-----+--------+
         Total |   2501 |   2275 |    226 |      8 |   1718 |   4 |  625.2 |
       Dungeon |   2501 |   2275 |    226 |      8 |   1718 |   4 |  625.2 |
               +--------+--------+--------+--------+--------+-----+--------+

Top non-repeatable levels by time:
     D:1: 1047 daAuts
     D:2: 810 daAuts
     D:3: 602 daAuts
     D:4: 40 daAuts
